Map: Inside and Out

Players

RagnaroK (SHIN)

  • Race: Zerg Zerg
  • League: Master
  • Spawn Location: 7:00

Bunny - Winner!

  • Race: Terran Terran
  • League: Silver
  • Spawn Location: 1:00

VOD

Have the link to the VOD?

Description

Time

  • Played on: Oct. 20, 2022, 9:52 a.m.
  • Length: 17:50
Show
View Real Time Build Order
Export as new Build Order

RagnaroK Zerg 

Build Orders: Pool First 

Get SALT Encoding   

  12  0:00  Drone  
  13  0:12  Overlord  
  13  0:16  Drone  
  14  0:30  Drone x2  
  16  0:40  Spawning Pool  
  15  0:43  Drone  
  15  0:47  Drone  
  17  1:07  Hatchery  
  17  1:10  Drone  
  17  1:14  Drone  
  17  1:17  Extractor  
  17  1:27  Zergling x2  
  17  1:28  Queen  
  17  1:31  Drone  
  21  1:44  Overlord  
  21  1:49  Drone  
  22  2:03  Drone  
  22  2:04  Queen  
  25  2:11  Drone  
  26  2:18  Queen  
  26  2:19  Drone  
  26  2:21  Drone  
  30  2:32  Hatchery  
  30  2:34  Drone  
  30  2:37  Drone  
  31  2:43  Metabolic Boost  
  31  2:44  Drone  
  31  2:48  Overlord  
  32  2:51  Drone  
  32  2:53  Drone  
  32  2:56  Drone  
  32  2:58  Drone  
  35  3:02  Overlord  
  35  3:08  Drone  
  35  3:10  Queen  
  38  3:13  Drone  
  38  3:14  Drone  
  38  3:17  Drone  
  38  3:19  Drone  
  42  3:22  Drone  
  42  3:25  Queen  
  45  3:27  Drone  
  45  3:29  Drone  
  45  3:33  Overlord  
  47  3:38  Zergling x6  
  47  3:39  Zergling x2  
  51  3:48  Queen  
  53  3:50  Drone x3  
  53  3:54  Drone  
  57  3:57  Overlord  
  57  3:59  Drone  
  57  4:00  Queen  
  60  4:04  Queen  
  60  4:09  Overlord  
  62  4:10  Drone  
  62  4:11  Drone  
  62  4:16  Overlord  
  64  4:18  Drone  
  64  4:19  Overlord  
  64  4:20  Drone  
  64  4:22  Drone  
  66  4:28  Drone  
  66  4:29  Drone x4  
  68  4:32  Drone  
  68  4:34  Drone  
  68  4:35  Drone  
  70  4:40  Drone x3  
  70  4:43  Spore Crawler  
  70  4:44  Spore Crawler  
  71  4:46  Spore Crawler  
  71  4:48  Drone  
  71  4:49  Spore Crawler  
  71  4:51  Drone  
  71  4:55  Evolution Chamber x2  
  71  4:56  Drone  
  71  4:57  Drone  
  71  4:58  Extractor  
  70  5:00  Drone  
  70  5:02  Drone  
  70  5:04  Drone x3  
  70  5:06  Drone x2  
  77  5:07  Drone  
  77  5:08  Drone  
  77  5:10  Extractor  
  78  5:14  Drone  
  78  5:15  Drone  
  78  5:16  Drone x2  
  78  5:21  Zerg Ground Armor Level 1, Zerg Melee Weapons Level 1  
  82  5:23  Drone x3  
  82  5:24  Extractor  
  84  5:32  Zergling x4  
  86  5:36  Zergling x6  
  86  5:39  Lair  
  86  5:42  Baneling Nest, Hatchery  
  88  5:43  Drone x2  
  88  5:46  Overlord  
  89  5:52  Overlord x2  
  89  5:55  Overlord  
  89  5:57  Overlord  
  89  6:05  Overlord  
  89  6:06  Zergling x16  
  89  6:10  Zergling x6  
  100  6:14  Zergling x4  
  102  6:19  Zergling x2  
  102  6:21  Zergling x6  
  102  6:25  Zergling x2  
  105  6:27  Zergling x2  
  105  6:30  Drone  
  105  6:31  Hatchery  
  104  6:33  Zergling x6  
  104  6:37  Zergling x2  
  104  6:39  Baneling  
  108  6:40  Baneling x7  
  108  6:41  Drone x4  
  108  6:45  Centrifugal Hooks  
  112  6:48  Zergling x2  
  112  6:50  Zergling x2  
  112  6:53  Zergling x2, Overseer  
  115  6:55  Zergling x2  
  115  6:58  Drone  
  115  6:59  Baneling x4  
  115  7:00  Drone  
  117  7:02  Drone x3  
  117  7:03  Drone  
  117  7:05  Zergling x2  
  117  7:07  Baneling x3  
  117  7:08  Zergling x2, Baneling  
  123  7:10  Zergling x4  
  123  7:11  Zergling x2  
  123  7:12  Hatchery  
  123  7:13  Drone  
  123  7:15  Drone x2  
  127  7:16  Drone x2, Overlord  
  127  7:19  Zerg Melee Weapons Level 2  
  127  7:21  Zerg Ground Armor Level 2  
  129  7:23  Drone x2  
  129  7:25  Spore Crawler  
  129  7:27  Zergling x4  
  132  7:32  Zergling x6  
  132  7:34  Overlord  
  135  7:37  Zergling x6  
  135  7:38  Zergling x2  
  135  7:40  Overlord  
  139  7:45  Zergling x4  
  139  7:47  Overlord  
  139  7:49  Zergling x8  
  139  7:50  Zergling x2  
  146  7:55  Overlord  
  146  7:56  Zergling x2  
  147  7:58  Zergling x4  
  147  7:59  Zergling x2, Baneling x19  
  147  8:00  Baneling  
  147  8:01  Zergling x4  
  147  8:03  Zergling x2  
  153  8:05  Zergling x2  
  153  8:06  Zergling x8  
  153  8:11  Zergling x4  
  159  8:14  Zergling x2  
  159  8:16  Zergling x2  
  159  8:17  Overlord  
  159  8:18  Zergling x6  
  164  8:22  Zergling x2  
  164  8:26  Zergling x2  
  164  8:27  Zergling x14  
  172  8:28  Hatchery  
  172  8:29  Queen  
  172  8:31  Drone  
  172  8:32  Drone  
  172  8:34  Zergling x6  
  170  8:38  Drone x2  
  170  8:39  Infestation Pit, Baneling x8  
  170  8:40  Baneling  
  172  8:42  Zergling x4  
  172  8:46  Zergling x6  
  172  8:47  Zergling x2  
  178  8:50  Zergling x8  
  178  8:53  Overlord  
  182  8:55  Zergling x6  
  182  8:58  Zergling x6  
  182  9:01  Overlord  
  186  9:03  Zergling x2  
  186  9:04  Zergling x4  
  186  9:06  Baneling  
  186  9:07  Baneling x11  
  186  9:09  Overlord  
  189  9:10  Zergling x4  
  189  9:13  Zergling x2  
  189  9:14  Zergling x2  
  193  9:19  Zergling x2  
  193  9:21  Zergling x4  
  193  9:22  Zergling x6  
  199  9:29  Drone x2  
  199  9:34  Hive  
  197  9:43  Zergling x18  
  198  9:52  Zergling x2  
  198  9:53  Zergling x4  
  198  9:54  Zergling x2  
  198  9:55  Zergling x2  
  198  9:57  Zergling x2  
  198  9:58  Zergling x2  
  181  10:01  Zergling x4  
  181  10:02  Zergling x14  
  181  10:03  Zergling x20  
  172  10:07  Zergling x2  
  172  10:11  Drone x2  
  172  10:13  Drone  
  165  10:14  Drone x2  
  165  10:15  Drone x3  
  165  10:19  Hydralisk Den, Pneumatized Carapace  
  165  10:21  Zergling x12  
  167  10:22  Drone  
  167  10:27  Zergling x12  
  176  10:29  Zergling x6  
  176  10:31  Baneling  
  176  10:32  Baneling x9  
  178  10:41  Baneling x10  
  178  10:42  Overseer  
  178  10:49  Zergling x2  
  164  10:50  Zergling x14, Hatchery  
  164  10:54  Zergling x10  
  160  10:59  Grooved Spines  
  160  11:00  Zergling x10  
  160  11:02  Baneling x6  
  165  11:09  Zergling x14  
  172  11:14  Zergling x16  
  180  11:24  Zergling x18  
  170  11:27  Baneling  
  170  11:28  Baneling x9  
  170  11:30  Zergling x12  
  170  11:31  Zergling x4  
  171  11:35  Baneling  
  171  11:36  Baneling x3  
  169  11:40  Zergling x12  
  169  11:44  Hydralisk x2  
  157  11:48  Zergling x10  
  158  11:55  Zergling x8, Evolution Chamber  
  158  11:56  Evolution Chamber  
  156  12:02  Viper  
  156  12:04  Drone x2  
  156  12:06  Extractor  
  156  12:07  Drone  
  161  12:08  Zergling x2  
  161  12:09  Zergling x10  
  161  12:10  Extractor  
  161  12:13  Baneling x4  
  161  12:14  Zergling x12  
  172  12:16  Zergling x2  
  172  12:19  Overseer  
  172  12:20  Zergling x2  
  173  12:25  Zergling x10  
  171  12:31  Hydralisk  
  171  12:32  Zergling x2  
  169  12:40  Drone x4  
  169  12:41  Drone x2  
  169  12:42  Spore Crawler  
  169  12:43  Drone  
  167  12:45  Drone x2  
  167  12:46  Muscular Augments, Drone  
  167  12:47  Drone, Zerg Melee Weapons Level 3  
  167  12:51  Zergling x2  
  167  12:55  Baneling x4  
  167  12:57  Drone x6  
  173  13:02  Zergling x4, Hydralisk, Baneling  
  176  13:11  Drone x5  
  176  13:12  Zergling x4, Extractor  
  182  13:16  Hydralisk x4  
  182  13:19  Hydralisk  
  178  13:20  Zergling x6  
  178  13:22  Extractor  
  178  13:24  Baneling x3  
  182  13:30  Zergling x2, Hydralisk  
  182  13:31  Zergling x28  
  196  13:37  Zergling x8  
  196  13:39  Baneling  
  196  13:40  Zergling x4, Baneling x5  
  182  13:47  Zergling x8  
  175  13:51  Overseer x2  
  175  13:53  Zergling x14  
  175  13:54  Queen  
  183  13:56  Zergling x2  
  183  13:57  Baneling x9  
  183  13:59  Zergling x4  
  183  14:00  Zergling x14  
  192  14:07  Zergling x2, Hydralisk  
  192  14:08  Zergling x4  
  192  14:09  Hydralisk x3  
  186  14:11  Baneling x5  
  186  14:12  Zergling x10  
  195  14:19  Zergling x2, Hydralisk  
  195  14:20  Zergling x6  
  195  14:22  Zergling x6  
  184  14:25  Zergling x4  
  184  14:29  Zerg Ground Armor Level 3, Hydralisk  
  184  14:30  Zergling x14  
  191  14:33  Zergling x2  
  191  14:34  Zergling x10  
  191  14:36  Zergling x2, Baneling x5  
  198  14:38  Zergling x2  
  198  14:41  Zergling x2  
  198  14:45  Baneling x7  
  193  14:55  Zergling x26  
  193  14:56  Zergling x2  
  189  15:03  Zergling x28  
  196  15:10  Zergling x10  
  196  15:12  Lurker Den  
  176  15:16  Hydralisk  
  176  15:17  Zergling x10  
  163  15:22  Zergling x6, Hydralisk  
  163  15:27  Zergling x2, Hydralisk  
  163  15:28  Zergling x8  
  166  15:29  Baneling  
  166  15:30  Baneling x10  
  166  15:32  Baneling x12  
  166  15:33  Zergling x10, Overseer  
  166  15:34  Overseer  
  166  15:35  Baneling x3  
  166  15:36  Zergling x2  
  166  15:38  Zergling x4  
  166  15:42  Zergling x12  
  175  15:47  Zergling x10  
  175  15:49  Zergling x6  
  183  15:51  Zerg Missile Weapons Level 1  
  182  15:57  Zergling x2  
  182  15:58  Zergling x6  
  182  16:02  Zergling x18  
  184  16:04  Zergling x2  
  184  16:05  Zergling x2  
  184  16:08  Zergling x4  
  183  16:11  Seismic Spines  
  183  16:14  Overlord  
  183  16:16  Zergling x14  
  181  16:22  Zergling x10  
  181  16:25  Overlord x2  
  184  16:26  Overseer x2  
  184  16:27  Overseer  
  182  16:46  Lurker x5  
  185  16:47  Zergling x30  
  192  16:59  Hydralisk  
  192  17:00  Zergling x34  
  175  17:11  Hydralisk x7  
  175  17:13  Baneling x2  
  178  17:20  Zergling x8  
  178  17:21  Baneling x6  
  178  17:22  Baneling x2  
  173  17:25  Zergling x2  
  173  17:26  Zergling x2  
  156  17:33  Zergling x10  
Show
View Real Time Build Order
Export as new Build Order

Bunny Terran - Winner!

Build Orders: Reaper Expand, Hellion Banshee 

Get SALT Encoding   

  12  0:00  SCV  
  13  0:12  SCV  
  14  0:17  Supply Depot  
  14  0:24  SCV  
  15  0:38  SCV  
  15  0:39  Barracks  
  15  0:42  Refinery  
  16  0:50  SCV  
  17  1:02  SCV  
  18  1:14  SCV  
  19  1:26  Reaper, Orbital Command  
  20  1:39  Command Center  
  20  1:48  Supply Depot  
  20  1:52  SCV  
  21  1:58  Marine  
  22  2:04  SCV  
  22  2:07  Factory  
  23  2:16  SCV  
  23  2:20  Barracks Reactor  
  24  2:28  SCV  
  25  2:38  Command Center  
  25  2:40  SCV  
  26  2:50  Orbital Command  
  26  2:53  SCV  
  27  3:02  Starport  
  27  3:07  SCV  
  27  3:11  Hellion  
  27  3:12  Refinery  
  30  3:14  Hellion  
  30  3:16  Barracks Tech Lab  
  30  3:19  SCV  
  33  3:21  SCV  
  34  3:31  SCV  
  34  3:33  Hellion, SCV  
  38  3:36  Hellion  
  40  3:43  SCV  
  40  3:45  SCV  
  40  3:47  Banshee  
  44  3:51  Orbital Command  
  44  3:55  Hellion, SCV  
  47  3:57  SCV  
  47  3:58  Hellion  
  50  4:05  Cloaking Field  
  50  4:07  SCV  
  50  4:09  SCV  
  52  4:10  Barracks Tech Lab  
  52  4:17  Supply Depot  
  52  4:19  SCV  
  52  4:21  SCV  
  52  4:23  Orbital Command  
  54  4:31  Marine  
  51  4:32  SCV, Banshee  
  51  4:34  SCV  
  51  4:37  Barracks  
  52  4:42  Barracks  
  52  4:43  Refinery  
  52  4:45  Engineering Bay, SCV, Refinery  
  53  4:46  Engineering Bay, SCV, Stimpack  
  53  4:48  SCV  
  55  4:55  Factory Reactor  
  55  4:57  SCV  
  55  4:58  SCV, Marine  
  58  5:00  SCV  
  58  5:02  Supply Depot  
  59  5:09  SCV  
  59  5:10  SCV  
  59  5:13  SCV, Terran Infantry Weapons Level 1  
  62  5:20  Marine  
  62  5:21  SCV  
  64  5:22  SCV  
  64  5:25  Supply Depot, SCV, Barracks  
  64  5:27  Barracks, Terran Infantry Armor Level 1  
  66  5:34  SCV  
  66  5:35  SCV  
  68  5:37  SCV, Marine x2  
  68  5:38  Marine  
  68  5:39  Starport Reactor  
  68  5:42  Marine x2  
  74  5:43  Siege Tank  
  74  5:47  Supply Depot  
  74  5:49  Supply Depot, SCV x3  
  80  5:54  Marine  
  80  5:56  Refinery  
  81  5:59  Marine  
  81  6:00  Supply Depot, Marine  
  81  6:01  SCV x2  
  85  6:09  SCV, Marine x2  
  88  6:13  SCV x2  
  88  6:15  Medivac x2, Siege Tank  
  97  6:21  SCV  
  97  6:22  Barracks Reactor x2  
  97  6:25  SCV x2  
  95  6:29  Marine x4  
  95  6:30  Supply Depot  
  95  6:31  Marine  
  99  6:33  SCV  
  99  6:36  Armory  
  99  6:37  SCV x2  
  102  6:41  Command Center  
  102  6:44  Factory  
  102  6:45  SCV, Medivac  
  105  6:49  Marine x2  
  105  6:50  Marine  
  105  6:52  Medivac  
  105  6:53  SCV x2  
  112  6:57  SCV  
  112  6:58  Supply Depot  
  112  6:59  Supply Depot  
  112  7:00  Widow Mine  
  115  7:02  Marine  
  115  7:03  Combat Shield, Marine  
  117  7:11  Supply Depot  
  117  7:19  Marine x6  
  117  7:20  Medivac, Marine x2  
  117  7:22  Supply Depot, Medivac  
  127  7:25  Barracks  
  127  7:26  Barracks  
  127  7:27  Barracks, Drilling Claws  
  127  7:29  Factory Reactor  
  129  7:31  SCV x3  
  129  7:34  Supply Depot  
  129  7:36  Widow Mine  
  134  7:40  Refinery  
  134  7:41  Marauder, Marine x2  
  134  7:42  Marine x3  
  134  7:43  Marine x3  
  144  7:47  SCV x3  
  144  7:50  Medivac  
  149  8:02  Marauder  
  149  8:03  Marine x5  
  157  8:05  Widow Mine  
  157  8:07  Widow Mine x2  
  157  8:10  Supply Depot x2, SCV  
  157  8:11  SCV x2  
  164  8:21  Barracks Tech Lab x3  
  164  8:22  Concussive Shells  
  164  8:24  Marauder  
  166  8:30  Widow Mine  
  166  8:31  Widow Mine x2  
  166  8:34  Marine x8  
  170  8:35  Planetary Fortress  
  170  8:36  SCV x3  
  170  8:38  Supply Depot  
  170  8:39  Supply Depot  
  180  8:42  Medivac, Sensor Tower  
  180  8:44  Medivac  
  180  8:45  Marauder  
  180  8:46  Sensor Tower  
  186  8:51  Marauder  
  188  8:59  Marauder  
  188  9:00  Widow Mine x3, Marauder  
  195  9:06  Marauder  
  194  9:12  Medivac  
  194  9:13  Marauder  
  194  9:14  Medivac  
  199  9:26  Terran Infantry Armor Level 2, Terran Infantry Weapons Level 2  
  199  9:30  Refinery  
  199  9:31  Command Center, Refinery  
  199  9:32  Command Center  
  197  9:42  Medivac, Widow Mine  
  197  9:43  Widow Mine x2  
  197  9:45  Marauder x2  
  198  9:59  Marauder  
  189  10:01  Marauder  
  189  10:02  Marine x8  
  189  10:05  Widow Mine x3  
  189  10:06  Marauder x2  
  181  10:11  Liberator  
  181  10:12  Liberator  
  175  10:19  Marine  
  175  10:20  Marauder, Marine x7  
  179  10:22  Command Center  
  179  10:23  Marauder  
  179  10:26  Widow Mine x3  
  179  10:27  Marauder, Marine  
  189  10:32  Command Center  
  185  10:37  Marine  
  185  10:38  Command Center, Marine x3  
  189  10:45  Marine x2  
  189  10:48  Marine x2  
  189  10:49  Marauder  
  189  11:09  Marine  
  189  11:13  Marauder  
  189  11:22  Widow Mine, Marine  
  189  11:24  Marauder, Marine  
  189  11:25  Marauder x2, Marine  
  188  11:28  Widow Mine x2  
  189  11:33  Marine  
  188  11:42  Marauder  
  188  11:43  Widow Mine  
  188  11:44  Marine  
  188  11:45  Marauder, Marine  
  188  11:46  Marauder x2  
  174  11:50  Widow Mine x2, Marine x5  
  174  11:51  Marine  
  174  11:52  Orbital Command, Planetary Fortress  
  171  12:02  Marine  
  171  12:03  Marauder, Marine  
  171  12:04  Medivac  
  171  12:05  Widow Mine  
  171  12:07  Medivac, Marauder x2  
  171  12:08  Marauder, Marine x3  
  187  12:11  Widow Mine x2  
  194  12:24  Marauder  
  194  12:26  Widow Mine  
  194  12:28  Marauder, Marine  
  194  12:29  Marauder x2, Marine x5  
  200  12:34  Terran Infantry Armor Level 3, Terran Infantry Weapons Level 3  
  197  12:45  Medivac x2  
  197  12:49  Widow Mine x2  
  197  12:50  Marauder  
  199  12:54  Marauder  
  200  13:01  Ghost Academy, Command Center  
  200  13:02  Command Center  
  200  13:07  Command Center  
  191  13:20  Marauder x3  
  191  13:21  Marine x5  
  191  13:24  Widow Mine  
  200  13:38  Marauder  
  194  13:48  Widow Mine x3  
  194  13:49  Marauder x2  
  199  13:59  Marine  
  199  14:02  Personal Cloaking  
  200  14:04  Sensor Tower  
  190  14:11  Marauder x3  
  190  14:12  Marine x4  
  196  14:21  Widow Mine x2  
  196  14:22  Widow Mine  
  178  14:29  Ghost  
  168  14:31  Ghost x3  
  168  14:33  Orbital Command  
  168  14:38  Marine x7  
  178  14:42  Widow Mine x2  
  178  14:44  Widow Mine  
  185  14:57  Ghost  
  172  15:00  Ghost x3  
  172  15:02  Orbital Command  
  172  15:03  Widow Mine x2, Planetary Fortress  
  172  15:05  Marine x2  
  178  15:11  Marine  
  167  15:15  Widow Mine  
  154  15:25  Widow Mine x2  
  154  15:26  Medivac x2  
  159  15:29  Marine x3  
  162  15:38  Widow Mine  
  162  15:41  Marine x2  
  162  15:42  Marine x2  
  168  15:46  Widow Mine x2  
  172  15:57  Marauder x4  
  180  16:00  Orbital Command  
  174  16:04  Marine x8  
  174  16:09  Widow Mine  
  174  16:10  Widow Mine  
  182  16:18  Marauder  
  183  16:20  Ghost x3  
  183  16:24  Marine x7  
  191  16:35  Marine  
  191  16:39  Marauder  
  193  16:41  Marine  
  193  16:42  Orbital Command, Marine  
  195  16:49  Marauder x2  
  195  16:51  Marine  
  195  16:53  Marine x2  
  200  17:01  Marauder  
  197  17:06  Widow Mine x2  
  197  17:07  Widow Mine  
  187  17:10  Marine  
  187  17:11  Marine x5  
  187  17:12  Medivac x2  
  187  17:13  Orbital Command  
  189  17:29  Marauder  
Tags
 
Add a new tag
Caveats
  • Supply blocks, unpowered buildings, or Contaminate may cause inaccurate times.
  • Supply counts are checked every 10 seconds.